Map: 凯罗斯中转站-天梯版

Players

Serral - Winner!

  • Race: Zerg Zerg

Harstem

  • Race: Protoss Protoss

Event: WESG 2018 Grand Finals

VOD

Have the link to the VOD?

Description

Time

  • Played on: March 11, 2019, 5:51 a.m.
  • Length: 7:41

All games in this series

Show
View Real Time Build Order
Export as new Build Order

Serral Zerg - Winner!

Build Orders: Hatch First 

Get SALT Encoding   

  12  0:00  Drone  
  13  0:12  Overlord  
  13  0:16  Drone  
  14  0:31  Drone x2  
  16  0:39  Drone  
  17  0:52  Hatchery  
  17  0:55  Drone  
  17  0:58  Drone  
  18  1:09  Extractor  
  17  1:12  Spawning Pool  
  17  1:16  Drone  
  17  1:19  Drone  
  18  1:29  Drone  
  19  1:40  Overlord  
  19  1:50  Drone  
  20  1:59  Queen  
  22  2:02  Zergling x2  
  22  2:03  Queen  
  22  2:04  Zergling x2  
  22  2:08  Metabolic Boost  
  26  2:11  Drone  
  26  2:14  Drone  
  28  2:24  Drone  
  28  2:25  Drone  
  30  2:36  Drone  
  31  2:38  Zergling x2  
  31  2:43  Hatchery  
  31  2:48  Queen  
  33  2:52  Overlord  
  33  2:54  Zergling x2  
  33  2:56  Zergling x2  
  35  3:01  Zergling x2  
  35  3:11  Zergling x4  
  37  3:14  Drone x3  
  40  3:24  Drone x2  
  42  3:31  Overlord  
  41  3:34  Drone  
  41  3:36  Queen  
  41  3:39  Overlord x2  
  43  3:52  Drone  
  43  3:56  Drone x5  
  43  3:58  Spore Crawler  
  43  3:59  Spore Crawler  
  43  4:02  Queen  
  48  4:04  Drone  
  48  4:07  Drone  
  48  4:08  Drone  
  51  4:11  Drone  
  51  4:12  Drone  
  51  4:14  Drone  
  51  4:15  Drone  
  55  4:20  Lair  
  55  4:23  Drone  
  56  4:29  Roach Warren, Drone  
  56  4:31  Drone  
  56  4:32  Drone  
  56  4:34  Drone x2  
  60  4:39  Spore Crawler, Drone  
  60  4:41  Drone x2  
  60  4:45  Overlord  
  62  4:49  Extractor  
  62  4:50  Zergling x6, Extractor  
  63  4:54  Zergling x4  
  63  4:59  Drone  
  66  5:00  Overlord  
  66  5:03  Drone  
  66  5:04  Drone x2  
  69  5:08  Overlord  
  68  5:15  Zergling x10  
  68  5:18  Zergling x2  
  68  5:19  Overlord  
  68  5:20  Zergling x8  
  76  5:30  Zergling x8  
  76  5:32  Queen  
  74  5:37  Zergling x4  
  68  5:43  Zergling x8  
  69  5:51  Zergling x12  
  71  6:02  Glial Reconstitution  
  71  6:03  Overlord  
  67  6:09  Roach x4  
  75  6:24  Roach x7  
  89  6:30  Roach  
  84  6:37  Roach x5  
  94  6:47  Roach x4  
  94  6:51  Overlord x3  
  100  6:57  Roach x2  
  100  7:00  Ravager x3  
  105  7:03  Zergling x2  
  105  7:07  Overlord  
  106  7:10  Zergling x2  
  106  7:11  Zergling x6  
  106  7:13  Ravager x2  
  110  7:16  Zergling x6  
Show
View Real Time Build Order
Export as new Build Order

Harstem Protoss 

Build Orders: 1 Gate Expand, Oracle Opening, Phoenix Opening, Mass Adepts 

Get SALT Encoding   

  12  0:00  Probe  
  13  0:13  Pylon  
  13  0:16  Probe  
  14  0:24  Probe  
  14  0:33  Probe  
  15  0:39  Gateway  
  16  0:43  Probe  
  16  0:49  Assimilator  
  17  0:56  Probe  
  18  1:08  Probe  
  19  1:20  Probe  
  20  1:27  Nexus  
  20  1:38  Cybernetics Core  
  20  1:41  Probe  
  21  1:47  Assimilator  
  21  1:53  Probe  
  22  1:55  Pylon  
  22  2:04  Adept  
  22  2:05  Probe  
  25  2:17  Probe  
  26  2:24  Adept  
  26  2:25  Stargate  
  26  2:29  Probe  
  29  2:39  Probe  
  29  2:41  Probe, Warp Gate  
  31  2:52  Probe  
  31  2:53  Probe  
  31  2:54  Adept  
  35  3:02  Phoenix  
  35  3:04  Probe  
  36  3:05  Probe  
  39  3:16  Pylon, Probe  
  39  3:18  Probe  
  41  3:24  Oracle  
  41  3:29  Adept  
  41  3:30  Probe, Gateway  
  40  3:36  Probe  
  44  3:41  Gateway  
  44  3:42  Probe  
  45  3:50  Pylon, Probe  
  45  3:53  Oracle  
  45  3:54  Probe  
  51  4:02  Probe  
  51  4:03  Pylon  
  51  4:06  Probe  
  52  4:11  Pylon  
  52  4:15  Probe  
  53  4:19  Probe  
  53  4:20  Assimilator  
  53  4:22  Assimilator  
  53  4:24  Pylon  
  54  4:27  Probe  
  54  4:30  Adept x2  
  54  4:31  Probe  
  60  4:36  Adept  
  62  4:39  Probe  
  62  4:41  Robotics Facility  
  62  4:43  Probe  
  64  4:50  Adept x3  
  70  5:00  Forge  
  70  5:02  Pylon  
  70  5:06  Probe  
  71  5:07  Zealot  
  71  5:08  Probe  
  71  5:10  Sentry  
  76  5:19  Nexus  
  75  5:21  Protoss Ground Weapons Level 1  
  75  5:22  Probe  
  74  5:39  Probe  
  74  5:40  Zealot, Probe  
  74  5:41  Zealot  
  74  5:42  Immortal  
  76  5:45  Oracle  
  79  5:52  Twilight Council  
  79  5:56  Probe  
  77  5:57  Probe  
  71  6:04  Zealot x2  
  71  6:05  Zealot  
  71  6:10  Nexus  
  71  6:11  Probe  
  76  6:13  Pylon  
  76  6:18  Gateway  
  72  6:31  Zealot x3  
  70  6:33  Probe  
  70  6:34  Probe  
  70  6:37  Observer  
  70  6:43  Templar Archives  
  70  6:45  Probe  
  72  6:47  Probe  
  72  6:49  Immortal  
  72  6:53  Zealot x2  
  77  6:56  Sentry  
  77  6:58  Probe  
  77  6:59  Probe  
  82  7:11  Gateway  
  82  7:12  Gateway  
  82  7:15  Pylon  
  82  7:17  Sentry, Zealot  
  82  7:21  Zealot  
  88  7:28  Zealot  
Tags
 
Add a new tag
Caveats
  • Supply blocks, unpowered buildings, or Contaminate may cause inaccurate times.
  • Supply counts are checked every 10 seconds.